 Dungeon Crawl Stone Soup version 0.19-a0-1019-g9c6a58d (webtiles) character file.

110 HAL9000 the Cudgeler (level 4, -4/50 HPs)
             Began as an Ogre Berserker on July 25, 2016.
             Was a Believer of Trog.
             Slain by p0werm0de's ghost (5 damage)
             ... on level 3 of the Dungeon.
             The game lasted 00:02:52 (2337 turns).

HAL9000 the Cudgeler (Ogre Berserker)               Turns: 2337, Time: 00:02:54

Health: -4/50      AC:  4    Str: 22    XL:     4   Next: 91%
Magic:  4/4        EV: 10    Int:  6    God:    Trog [**....]
Gold:   62         SH:  0    Dex: 10    Spells: 0 memorised, 3 levels left

rFire  . . .     SeeInvis .     a - +1 mace
rCold  . . .     Gourm    .     b - +0 animal skin
rNeg   . . .     Faith    .     (no shield)
rPois  .         Spirit   .     (helmet restricted)
rElec  .         Dismiss  .     g - +0 cloak
rCorr  .         Reflect  .     (gloves unavailable)
SustAt +         Harm     .     (boots unavailable)
MR     .....                    (no amulet)
Stlth  +.........               (no ring)
                                j - ring of sustain attributes

@: exhausted, slowed, drained, very slow, not resistant to hostile enchantments,
very unstealthy
A: unfitting armour, tough skin 1
a: Berserk, Trog's Hand, Burn Spellbooks, Renounce Religion


You were on level 3 of the Dungeon.
You worshipped Trog.
Trog was pleased with you.
You were hungry.

You visited 1 branch of the dungeon, and saw 3 of its levels.

You collected 62 gold pieces.

Inventory:

Hand Weapons
 a - a +1 mace (weapon)
Armour
 b - a +0 animal skin (worn)
 g - a +0 cloak (worn)
Jewellery
 j - a ring of sustain attributes (left hand)
 r - an uncursed ring of wizardry {unknown}
Scrolls
 d - 3 scrolls of noise
 h - a scroll of amnesia {unknown}
 m - a scroll of fog {unknown}
 p - 3 scrolls of remove curse
 q - 2 scrolls of enchant weapon
 s - a scroll of teleportation {unknown}
Potions
 k - a potion of mutation {unknown}
 n - 2 potions of haste {unknown}
Comestibles
 c - 3 bread rations
 f - 3 fruits
 i - a meat ration
 o - a royal jelly


   Skills:
 + Level 5.2(4.9) Fighting
 * Level 6.3(5.9) Maces & Flails
 - Level 2.6(2.3) Dodging


You had 3 spell levels left.
You didn't know any spells.

Dungeon Overview and Level Annotations

Branches:
Dungeon (3/15)

Altars:

Annotations:
D:3 p0werm0de's ghost, amateur DsCK


Innate Abilities, Weirdness & Mutations

You are too large for most types of armour.
You have tough skin. (AC +1)


Message History

You feel yourself slow down.
You are feeling hungry.
The kobold barely misses you.
P0werm0de's ghost hits you but does no damage.
You are electrocuted!
* * * LOW HITPOINT WARNING * * *
P0werm0de's ghost hits you!
* * * LOW HITPOINT WARNING * * *
You feel drained. The kobold hits you with a short sword.
* * * LOW HITPOINT WARNING * * *
You're too confused to move!
The kobold barely misses you. P0werm0de's ghost closely misses you.
Unknown command.
You feel less confused. The kobold hits you but does no damage.
P0werm0de's ghost mumbles, "They all look like pillowcases to me..."
The kobold hits you with a short sword.
* * * LOW HITPOINT WARNING * * *
P0werm0de's ghost hits you.
You die...

. .. #.. . #. #.
... . #. #. #.#
.# #.##.####.#
.# #........##
##.#
#...##..###.##
#...##.#.....###
#..K...###.#...#
##@W.### #...#.#
#...# ##<##.####
##### #)..)<..#
#.##.##.# #.##.#
# ...#..
.#.#.### #.#...
# #...


You could see p0werm0de's ghost and a kobold.

Vanquished Creatures
  7 adders
  3 worms (D:2)
  A dart slug (D:2)
  3 giant geckos (D:1)
  An orc (D:3)
  3 bats
  2 giant cockroaches
  A goblin (D:1)
  2 hobgoblins
  4 kobolds
  A quokka (D:3)
  A ball python (D:1)
  5 giant newts
  6 rats
40 creatures vanquished.

Notes
Turn   | Place    | Note
-------+----------+-------------------------------------------
     0 | D:1      | HAL9000 the Ogre Berserker began the quest for the Orb.
     0 | D:1      | Reached XP level 1. HP: 24/24 MP: 1/1
   377 | D:1      | Reached XP level 2. HP: 32/32 MP: 2/2
  1034 | D:2      | Reached skill level 5 in Maces & Flails
  1034 | D:2      | Reached XP level 3. HP: 38/40 MP: 3/3
  1035 | D:2      | Reached ** piety under Trog
  1684 | D:2      | Reached XP level 4. HP: 41/49 MP: 4/4
  1699 | D:2      | Reached skill level 5 in Fighting
  1974 | D:2      | Reached skill level 6 in Maces & Flails
  2321 | D:3      | Noticed p0werm0de's ghost (amateur DsCK)
  2335 | D:3      | HP: 1/50 [kobold/short sword (4)]
  2337 | D:3      | Slain by p0werm0de's ghost

Vault maps used:
D:1:      lemuel_arrival_muddy
D:2:      hex_intersection
D:3:      grunt_temple_overflow_growth_and_decay,
          nicolae_overflow_crystal_walls, grunt_temple_overflow_diamond,
          nemelex_xobeh_ov_fountains_minmay, first_bread

Skill      XL: |  1  2  3  4 |
---------------+-------------+-----
Maces & Flails | 5 6 |  6.3
Fighting       | 5 |  5.2
Dodging        | |  2.6

Action                   |  1- 3 |  4- 6 || total
-------------------------+-------+-------++-------
Melee: Mace              |    95 |    62 ||   157
Invok: Berserk           |       |     1 ||     1
  Use: Scroll            |       |     3 ||     3
 Stab: Distracted        |     1 |       ||     1
  Eat: Chunk             |     2 |     3 ||     5
Armor: Animal skin       |    30 |    19 ||    49
Dodge: Dodged            |    44 |    38 ||    82
